Map: Dusk Towers

Players

ElChibrator - Winner!

  • Race: Protoss Protoss
  • League: Master

Miszu

  • Race: Terran Terran
  • League: Grandmaster

VOD

Have the link to the VOD?

Description

Time

  • Played on: May 23, 2016, 3:03 p.m.
  • Length: 13:53
Show
View Real Time Build Order
Export as new Build Order

ElChibrator Protoss - Winner!

Build Orders: 1 Gate Expand, Blink Stalkers 

Get SALT Encoding   

  12  0:01  Probe (Chrono Boost)  
  13  0:11  Probe (Chrono Boost)  
  14  0:17  Pylon  
  14  0:22  Probe (Chrono Boost)  
  16  0:35  Probe (Chrono Boost)  
  16  0:37  Gateway  
  16  0:46  Probe (Chrono Boost)  
  16  0:49  Assimilator  
  17  0:57  Probe (Chrono Boost)  
  18  1:07  Probe (Chrono Boost)  
  19  1:18  Nexus  
  19  1:23  Probe (Chrono Boost)  
  20  1:31  Cybernetics Core  
  20  1:34  Probe (Chrono Boost)  
  20  1:39  Assimilator  
  21  1:44  Probe (Chrono Boost)  
  22  1:53  Pylon  
  22  1:55  Probe (Chrono Boost)  
  23  2:12  Mothership Core (Chrono Boost)  
  23  2:14  Warp Gate  
  25  2:19  Adept  
  27  2:30  Probe (Chrono Boost)  
  28  2:38  Probe (Chrono Boost)  
  28  2:40  Robotics Facility  
  28  2:41  Probe (Chrono Boost)  
  30  2:49  Probe (Chrono Boost)  
  31  2:51  Probe (Chrono Boost)  
  32  2:59  Probe (Chrono Boost)  
  32  3:02  Probe (Chrono Boost)  
  34  3:10  Twilight Council, Probe (Chrono Boost)  
  36  3:12  Probe (Chrono Boost)  
  36  3:13  Gateway  
  36  3:14  Gateway  
  36  3:20  Probe (Chrono Boost)  
  36  3:23  Probe (Chrono Boost)  
  38  3:29  Observer (Chrono Boost), Pylon  
  38  3:30  Probe (Chrono Boost)  
  38  3:33  Probe  
  41  3:37  Pylon  
  41  3:40  Probe  
  41  3:44  Assimilator  
  41  3:46  Probe  
  43  3:48  Blink (Chrono Boost)  
  43  3:50  Probe  
  43  3:52  Observer  
  45  3:58  Probe  
  46  4:03  Nexus  
  46  4:10  Probe  
  46  4:16  Probe  
  47  4:20  Stalker x3  
  47  4:22  Probe  
  55  4:26  Probe  
  56  4:34  Pylon, Probe  
  56  4:36  Warp Prism  
  59  4:38  Probe  
  59  4:44  Stalker  
  62  4:52  Probe  
  63  4:54  Probe  
  63  4:57  Stalker x2  
  68  5:04  Probe  
  69  5:08  Pylon  
  69  5:11  Pylon  
  69  5:15  Observer  
  69  5:18  Probe x2  
  72  5:24  Stalker  
  72  5:25  Stalker x2, Probe  
  79  5:30  Forge, Probe  
  79  5:31  Forge  
  79  5:32  Probe  
  81  5:35  Probe  
  82  5:43  Probe x2  
  82  5:47  Observer  
  82  5:49  Adept x3  
  91  5:51  Probe  
  91  5:54  Gateway  
  91  5:55  Gateway  
  91  5:56  Gateway  
  92  5:57  Probe  
  92  5:58  Probe  
  92  6:02  Gateway  
  92  6:03  Gateway  
  94  6:04  Probe  
  94  6:05  Protoss Ground Armor Level 1 (Chrono Boost)  
  94  6:06  Protoss Ground Weapons Level 1 (Chrono Boost)  
  95  6:17  Stalker x3  
  99  6:34  Probe  
  99  6:36  Probe, Assimilator  
  99  6:42  Immortal, Assimilator  
  94  6:52  Pylon, Probe  
  81  6:56  Probe  
  81  6:57  Probe  
  76  7:03  Pylon  
  76  7:04  Probe, Resonating Glaives (Chrono Boost)  
  76  7:08  Probe x2  
  77  7:11  Assimilator  
  77  7:17  Stalker x2, Probe  
  77  7:18  Stalker x2  
  77  7:19  Probe  
  77  7:21  Probe  
  77  7:22  Immortal, Pylon  
  92  7:29  Probe  
  93  7:31  Probe  
  93  7:33  Probe  
  95  7:41  Probe  
  95  7:42  Adept x2  
  95  7:43  Adept x4, Probe  
  108  7:58  Probe  
  104  8:09  Stalker x3  
  104  8:11  Immortal  
  108  8:14  Pylon  
  108  8:15  Probe  
  108  8:16  Pylon  
  108  8:17  Pylon  
  108  8:19  Pylon  
  109  8:21  Dark Shrine  
  109  8:28  Protoss Ground Armor Level 2  
  109  8:29  Protoss Ground Weapons Level 2  
  109  8:32  Probe x2  
  111  8:36  Adept x2  
  111  8:37  Adept  
  111  8:40  Sentry x2  
  121  8:42  Nexus  
  121  8:44  Pylon  
  121  8:50  Warp Prism  
  121  8:54  Adept x2  
  127  9:00  Adept x2  
  127  9:02  Sentry  
  133  9:06  Stalker x2  
  137  9:15  Stalker x2  
  139  9:17  Stalker  
  141  9:28  Stalker  
  141  9:29  Stalker x3  
  149  9:44  Pylon  
  149  9:45  Photon Cannon  
  149  9:47  Pylon  
  149  9:48  Templar Archives  
  149  9:50  Photon Cannon  
  149  9:54  Probe  
  149  9:57  Dark Templar x2  
  154  10:13  Adept x3  
  154  10:14  Adept x3  
  164  10:15  Immortal  
  162  10:40  Adept x2  
  162  10:41  Adept x6  
  158  10:54  Immortal  
  154  11:01  Assimilator  
  154  11:03  Adept x6  
  166  11:06  Adept x2  
  166  11:08  Protoss Ground Armor Level 3  
  166  11:09  Protoss Ground Weapons Level 3  
  140  11:19  Probe x2  
  140  11:20  Probe  
  140  11:21  Photon Cannon  
  140  11:23  Photon Cannon  
  141  11:26  Probe  
  141  11:31  Probe  
  143  11:33  Warp Prism (Chrono Boost)  
  143  11:37  Assimilator  
  145  11:43  Psionic Storm  
  145  11:45  High Templar  
  145  11:46  High Templar x3  
  151  12:06  Observer (Chrono Boost)  
  152  12:09  Adept x3  
  152  12:10  Adept  
  160  12:20  Stalker x3  
  166  12:30  Observer (Chrono Boost)  
  163  12:42  Stalker x3  
  163  12:43  Stalker x5  
  179  12:49  Stargate  
  179  13:03  Nexus  
  179  13:05  Pylon  
  173  13:12  Stalker  
  173  13:14  Stalker  
  145  13:28  Dark Templar  
  145  13:29  Dark Templar x5  
  153  13:34  Probe  
Show
View Real Time Build Order
Export as new Build Order

Miszu Terran 

Build Orders: Reaper Expand, MMM Bio 

Get SALT Encoding   

  12  0:01  SCV  
  13  0:13  SCV  
  14  0:19  Supply Depot  
  14  0:25  SCV  
  15  0:41  SCV  
  15  0:42  Barracks  
  16  0:44  Refinery  
  16  0:53  SCV  
  17  1:05  SCV  
  18  1:18  SCV  
  19  1:29  Reaper  
  19  1:30  Orbital Command  
  20  1:41  Command Center  
  20  1:51  Supply Depot  
  20  1:56  SCV  
  21  2:01  Barracks Reactor  
  21  2:08  SCV  
  22  2:19  Engineering Bay  
  22  2:20  SCV  
  23  2:25  Barracks  
  23  2:32  SCV  
  24  2:37  Marine x2  
  24  2:42  Refinery  
  26  2:44  SCV  
  26  2:46  Terran Infantry Weapons Level 1  
  27  2:54  Orbital Command  
  27  2:55  Marine x2  
  27  2:56  SCV  
  30  3:08  SCV  
  31  3:13  Marine x2  
  31  3:14  Barracks Tech Lab  
  33  3:20  SCV  
  33  3:21  SCV  
  35  3:30  Marine  
  35  3:33  SCV x2  
  39  3:34  Marauder, Stimpack  
  39  3:36  Factory  
  39  3:42  Supply Depot  
  39  3:45  SCV x2  
  39  3:46  Marine  
  42  3:48  Marine  
  45  3:55  Marauder  
  45  3:56  Missile Turret  
  45  3:57  SCV  
  46  4:03  SCV, Missile Turret  
  46  4:04  Marine  
  46  4:06  Marine  
  50  4:10  SCV  
  50  4:13  Supply Depot  
  52  4:17  Marauder  
  52  4:18  SCV  
  52  4:21  Refinery  
  52  4:22  SCV  
  54  4:29  Starport, Factory Reactor  
  54  4:34  Marine x2  
  54  4:35  SCV x2  
  58  4:40  Supply Depot  
  58  4:42  Supply Depot  
  58  4:43  Marauder  
  60  4:47  SCV x2  
  60  4:50  Terran Infantry Armor Level 1  
  62  5:01  Marine x2, SCV  
  62  5:03  Barracks  
  62  5:04  Marine  
  62  5:05  SCV  
  67  5:11  Factory Reactor  
  67  5:13  SCV  
  68  5:17  Supply Depot  
  68  5:19  Medivac x2  
  68  5:21  Marine x2  
  73  5:22  Marine, SCV  
  73  5:26  SCV  
  77  5:30  Supply Depot  
  77  5:35  Command Center  
  77  5:40  Armory  
  76  5:46  Refinery  
  76  5:48  Widow Mine  
  76  5:49  Widow Mine  
  80  5:56  Command Center  
  80  5:58  Medivac x2  
  84  6:11  Marine  
  84  6:12  Marine, Barracks Tech Lab, Marauder  
  84  6:17  Barracks  
  86  6:19  Barracks  
  82  6:29  Marine  
  82  6:30  Marine  
  79  6:33  Marauder  
  74  6:45  Marauder  
  71  6:47  Marine  
  61  7:04  Medivac x2  
  61  7:07  SCV  
  66  7:08  SCV  
  66  7:12  Terran Infantry Weapons Level 2  
  63  7:19  SCV, Orbital Command  
  63  7:20  SCV  
  65  7:31  SCV  
  65  7:33  Marauder, SCV  
  65  7:34  Marauder  
  71  7:37  Combat Shields  
  71  7:38  Concussive Shells  
  71  7:43  SCV  
  72  7:44  SCV  
  72  7:45  SCV  
  74  7:55  SCV, Liberator x2  
  71  8:01  Marauder  
  71  8:04  Marine, Marauder  
  71  8:05  Marine x3  
  79  8:13  SCV x2  
  79  8:16  SCV  
  82  8:21  Marine  
  82  8:22  Marine  
  82  8:23  Marine x3  
  82  8:25  Marine, SCV x2  
  90  8:28  SCV  
  91  8:34  Widow Mine x2  
  91  8:38  Liberator  
  91  8:39  Marine x2  
  91  8:40  Marine  
  98  8:41  Marine x2  
  98  8:42  Supply Depot, SCV  
  98  8:43  Marauder, SCV  
  98  8:44  Supply Depot, SCV  
  98  8:46  Liberator  
  105  8:54  SCV  
  105  8:55  Refinery x2  
  109  9:03  Marine x3, SCV x2  
  109  9:05  Supply Depot, Marauder  
  109  9:06  SCV  
  109  9:07  Supply Depot  
  120  9:15  Marine  
  120  9:16  Marine, SCV x2  
  124  9:18  SCV  
  125  9:26  Marine x2  
  125  9:27  Marauder  
  125  9:28  SCV x2  
  125  9:30  SCV  
  131  9:34  Widow Mine x2  
  131  9:38  Command Center  
  135  9:39  Terran Infantry Weapons Level 3  
  135  9:40  Marine x3, SCV x2  
  135  9:41  Liberator x2  
  135  9:42  SCV  
  140  9:50  Marine  
  141  9:58  Marauder  
  149  10:02  Marine, Barracks Tech Lab  
  149  10:03  Barracks Reactor  
  146  10:10  Widow Mine  
  146  10:11  Marine  
  149  10:21  Barracks x2  
  149  10:23  Supply Depot, Barracks  
  149  10:24  Supply Depot x2  
  149  10:29  Marine  
  149  10:30  Marine  
  149  10:32  Marine  
  149  10:35  SCV, Widow Mine  
  149  10:36  Marine, Marauder  
  149  10:39  Marine x2  
  137  10:47  Marine  
  137  10:49  Marauder  
  139  10:50  Marine  
  139  10:54  Marine  
  139  10:56  Marine  
  133  10:57  Marauder  
  133  11:03  Marine  
  128  11:04  Marine  
  128  11:08  Marine  
  128  11:09  Marine  
  104  11:14  Liberator x2  
  104  11:17  Marine  
  96  11:23  SCV x2  
  96  11:26  Widow Mine x2  
  96  11:28  Marine  
  96  11:29  Marine  
  108  11:38  Barracks Tech Lab  
  108  11:39  Barracks Tech Lab  
  108  11:40  Marine, Barracks Tech Lab  
  108  11:41  Missile Turret  
  109  11:57  Marine, Widow Mine x2, Liberator x2  
  109  11:58  Marine x5  
  109  12:01  Marine  
  118  12:11  SCV x2  
  118  12:12  SCV  
  118  12:13  Refinery, Marine  
  126  12:23  SCV  
  125  12:31  SCV  
  124  12:38  Marine  
  124  12:39  Marine x7, Widow Mine x2  
  124  12:40  SCV x2  
  138  12:45  Planetary Fortress  
  138  12:47  SCV  
  139  12:52  SCV  
  140  13:00  Marauder  
  138  13:07  Widow Mine  
  140  13:16  Marauder  
  140  13:17  Marauder  
  124  13:24  Marine x4, Marauder  
  96  13:27  Marine x2  
Tags
 
Add a new tag
Caveats
  • Supply blocks, unpowered buildings, or Contaminate may cause inaccurate times.
  • Supply counts are checked every 10 seconds.